 Dungeon Crawl Stone Soup version 0.18-b1-16-g289874d (webtiles) character file.

4768 DeXoteric the Carver (level 10, -6/135 (138) HPs)
             Began as a Naga Berserker on May 1, 2016.
             Was a High Priest of Trog.
             Mangled by a troll (7 damage)
             ... on level 9 of the Dungeon.
             The game lasted 00:24:45 (10962 turns).

DeXoteric the Carver (Naga Berserker)              Turns: 10962, Time: 00:24:45

HP:   -6/135 (138)  AC: 12    Str: 25    XL:     10   Next: 47%
MP:   10/10         EV: 10    Int:  8    God:    Trog [*****.]
Gold: 216           SH:  5    Dex: 13    Spells: 0 memorised, 9 levels left

rFire  + + .     SeeInvis +     a - +0 falchion
rCold  . . .     Gourm    .     C - +0 scale mail {rF+}
rNeg   . . .     Faith    .     (no shield)
rPois  +         Spirit   .     (no helmet)
rElec  .         Dismiss  .     b - +0 cloak
rCorr  +         Reflect  +     q - +2 pair of gloves
SustAt .         Harm     .     (no barding)
MR     +....                    y - +5 amulet of reflection
Stlth  ..........               F - ring of resist corrosion
                                z - ring of protection from fire

@: berserking, non-regenerating, diseased, quick, somewhat resistant to hostile
enchantments, extremely unstealthy
A: see invisible, deformed body, poison resistance, slowness 2, slow metabolism
1, spit poison 2, AC +3
a: Spit Poison, Berserk, Trog's Hand, Brothers in Arms, Burn Spellbooks,
Renounce Religion


You were on level 9 of the Dungeon.
You worshipped Trog.
Trog was extremely pleased with you.
You were not hungry.

You visited 1 branch of the dungeon, and saw 9 of its levels.

You collected 381 gold pieces.
You spent 165 gold pieces at shops.

Inventory:

Hand Weapons
 a - a +0 falchion (weapon)
Armour
 b - a +0 cloak (worn)
 q - a +2 pair of gloves (worn)
 C - a +0 scale mail of fire resistance (worn)
Jewellery
 y - a +5 amulet of reflection (around neck)
 z - a ring of protection from fire (left hand)
 F - a ring of resist corrosion (right hand)
Wands
 u - a wand of polymorph (8/24)
 D - a wand of disintegration (18/24)
Scrolls
 f - a scroll of fog
 k - a scroll of enchant weapon {unknown}
 s - 3 scrolls of identify
 v - 2 scrolls of enchant armour {unknown}
 E - 5 scrolls of teleportation
 G - 2 scrolls of magic mapping
 H - a scroll of amnesia {unknown}
Potions
 d - 3 potions of heal wounds
 e - 4 potions of lignification
 g - 3 potions of agility
 i - a potion of berserk rage {unknown}
 j - 2 potions of invisibility
 l - a potion of ambrosia {unknown}
 n - a potion of magic {unknown}
 p - 4 potions of cure mutation
 A - a potion of brilliance {unknown}
 B - 3 potions of curing {unknown}
Comestibles
 c - 8 bread rations
 t - 2 meat rations


   Skills:
 + Level 6.6 Fighting
 + Level 11.6 Long Blades
 + Level 4.8 Armour
 + Level 4.9 Dodging


You had 9 spell levels left.
You didn't know any spells.

Dungeon Overview and Level Annotations

Branches:
Dungeon (9/15)             Temple (0/1) D:7
   Lair: D:8-11         Orc: D:9-12

Altars:
Makhleb
Nemelex Xobeh
Pakellas
Qazlal
Ru
Sif Muna
Vehumet
Yredelemnul
Zin

Shops:
D:4 [   D:5 }*


Innate Abilities, Weirdness & Mutations

You cannot wear boots.
Your serpentine skin is tough (AC +3).
You have supernaturally acute eyesight.
Armour fits poorly on your strangely shaped body.
Your system is resistant to poisons.
You cover ground very slowly.
You have a slow metabolism.
You can spit poison.


Message History

You are too injured to fight recklessly!
You are too injured to fight recklessly!
You barely miss the troll. You barely miss the troll. The troll bites you!
* * * LOW HITPOINT WARNING * * *
The troll claws you.
* * * LOW HITPOINT WARNING * * *
The troll completely misses you.
You closely miss the troll. You slash the troll!
The troll is lightly wounded.
You block the troll's attack.
The troll claws you but does no damage. x2
You closely miss the troll.
The troll is lightly wounded.
You closely miss the troll.
The troll is lightly wounded.
The troll bites you!
* * * LOW HITPOINT WARNING * * *
The troll claws you!
You die...

#.#.##
###..#.# #
#......# .#
##......##.#
#..........
#..(.....#
#........####
#N......# #
#T##.##.#
#.##.##.##.
#..<......T>
####....##.#
#.......
########


You could see a troll.

Vanquished Creatures
  A spriggan (D:7)
  Eustachio (D:6)
  2 hippogriffs (D:8)
  A hungry ghost (D:7)
  Menkaure (D:6)
  Edmund (D:6)
  2 sky beasts
  An ice beast (D:8)
  2 black bears (D:7)
  3 phantoms
  2 ogres
  3 necrophages (D:9)
  An orc warrior (D:6)
  3 centaurs
  3 big kobolds
  3 giant frogs
  3 howler monkeys
  4 crimson imps
  A quasit (D:8)
  2 centaur zombies
  2 hounds
  2 jellies
  7 orc priests
  10 orc wizards
  A centaur skeleton (D:6)
  2 giant frog skeletons
  Ijyb (D:2)
  2 worker ants (D:5)
  3 iguanas
  A hound zombie (D:9)
  2 hound skeletons
  11 gnolls
  A howler monkey skeleton (D:4)
  9 adders
  4 shadow imps
  An ooze (D:7)
  2 worms (D:2)
  5 giant geckos
  39 orcs
  9 bats
  8 giant cockroaches
  3 goblins
  6 hobgoblins
  11 jackals
  2 quokkas
  A ball python (D:6)
  A giant gecko skeleton (D:4)
  4 giant newts
  22 kobolds
  A quokka skeleton (D:6)
  A quokka zombie (D:6)
  5 rats
219 creatures vanquished.

Vanquished Creatures (collateral kills)
  A hydra (D:8)
  A howler monkey skeleton (D:8)
2 creatures vanquished.

Vanquished Creatures (others)
  An orc (D:4)
1 creature vanquished.

Grand Total: 222 creatures vanquished

Notes
Turn   | Place    | Note
--------------------------------------------------------------
     0 | D:1      | DeXoteric the Naga Berserker began the quest for the Orb.
     0 | D:1      | Reached XP level 1. HP: 21/21 MP: 1/1
   395 | D:1      | Reached XP level 2. HP: 26/28 MP: 2/2
  1099 | D:1      | Reached skill level 4 in Long Blades
  1107 | D:1      | Reached XP level 3. HP: 34/34 MP: 3/3
  1359 | D:2      | Found a basalt altar of Yredelemnul.
  1375 | D:2      | Noticed Ijyb
  1428 | D:2      | Killed Ijyb
  1428 | D:2      | Reached XP level 4. HP: 9/42 MP: 4/4
  1676 | D:2      | Found a radiant altar of Vehumet.
  2066 | D:2      | Reached skill level 5 in Long Blades
  2596 | D:3      | Found a deep blue altar of Sif Muna.
  2602 | D:3      | Reached ** piety under Trog
  3280 | D:4      | Reached XP level 5. HP: 40/49 MP: 5/5
  3284 | D:4      | Reached skill level 6 in Long Blades
  3292 | D:4      | Reached XP level 6. HP: 35/56 MP: 6/6
  3505 | D:4      | Found Keto Dua's Armour Boutique.
  3791 | D:4      | Reached skill level 7 in Long Blades
  3994 | D:4      | Noticed a phantom
  4035 | D:4      | Killed a phantom
  4112 | D:4      | Reached XP level 7. HP: 62/62 MP: 7/7
  4472 | D:5      | Entered Level 5 of the Dungeon
  4499 | D:5      | Reached skill level 8 in Long Blades
  4644 | D:5      | Found an oddly glowing altar of Pakellas.
  4644 | D:5      | Found Pakellas's Prime Provisions.
  5001 | D:5      | Found Qyezuyt's Assorted Antiques.
  5018 | D:5      | Bought a scroll labeled NIHOSEGYXT for 33 gold pieces
  5018 | D:5      | Bought a scroll labeled QOPSIO VUDUNK for 33 gold pieces
  5018 | D:5      | Bought a scroll labeled ENIENNIOME for 33 gold pieces
  5018 | D:5      | Bought a scroll labeled USOIMI WINWYU for 33 gold pieces
  5018 | D:5      | Bought a scroll labeled ENIENNIOME for 33 gold pieces
  5131 | D:5      | Reached skill level 9 in Long Blades
  5276 | D:5      | Reached *** piety under Trog
  5318 | D:5      | Found a burning altar of Makhleb.
  5318 | D:5      | Noticed a cacodemon
  5427 | D:5      | Found a sparkling altar of Nemelex Xobeh.
  5463 | D:5      | Reached XP level 8. HP: 69/69 MP: 8/8
  5984 | D:6      | Reached skill level 10 in Long Blades
  6117 | D:6      | Noticed Edmund
  6128 | D:6      | Killed Edmund
  6465 | D:6      | Noticed Eustachio
  6741 | D:6      | Killed Eustachio
  6741 | D:6      | Reached XP level 9. HP: 59/78 MP: 9/9
  6892 | D:6      | Noticed Menkaure
  6899 | D:6      | Killed Menkaure
  6901 | D:6      | Reached **** piety under Trog
  7430 | D:7      | Found a staircase to the Ecumenical Temple.
  7603 | D:7      | Found a burning altar of Makhleb.
  8073 | D:7      | Reached skill level 5 in Fighting
  8101 | D:7      | Reached skill level 11 in Long Blades
  9148 | D:8      | Noticed a seven-headed hydra
  9155 | D:8      | Killed a seven-headed hydra
  9155 | D:8      | Reached XP level 10. HP: 23/91 MP: 10/10
  9663 | D:8      | Received a gift from Trog
 10395 | D:8      | Found a sacrificial altar of Ru.
 10395 | D:8      | Found a stormy altar of Qazlal.
 10395 | D:8      | Found a glowing silver altar of Zin.
 10940 | D:9      | Reached ***** piety under Trog
 10962 | D:9      | HP: 1/135 [troll (13)]
 10962 | D:9      | Mangled by a troll

Skill      XL: |  1  2  3  4  5  6  7  8  9 10 |
---------------+-------------------------------+-----
Long Blades    | 4 5 6 7 9 10 11 | 11.6
Armour         | 2 4 |  4.8
Dodging        | 2 4 |  4.9
Fighting       | 5 6 |  6.6

Action                   |  1- 3 |  4- 6 |  7- 9 | 10-12 || total
-------------------------+-------+-------+-------+-------++-------
Melee: Falchion          |    54 |   219 |   657 |   243 ||  1173
       Hand axe          |    44 |       |       |       ||    44
       Unarmed           |    22 |       |       |       ||    22
Invok: Berserk           |     1 |     3 |     4 |     1 ||     9
       Burn Spellbooks   |       |       |     1 |     2 ||     3
       Brothers in Arms  |       |       |     1 |       ||     1
 Abil: Spit Poison       |     2 |     2 |    17 |     1 ||    22
Evoke: Wand              |       |       |     2 |       ||     2
  Use: Scroll            |       |     1 |    14 |     1 ||    16
  Eat: Chunk             |     2 |    18 |    14 |     4 ||    38
       Beef jerky        |       |       |     2 |       ||     2
       Bread ration      |       |       |     1 |       ||     1
Armor: Animal skin       |     5 |       |       |       ||     5
       Chain mail        |    27 |    42 |       |       ||    69
       Skin              |    15 |       |       |       ||    15
       Scale mail        |       |    61 |   297 |    99 ||   457
Dodge: Dodged            |    49 |    74 |   233 |    97 ||   453
Block: Other             |       |    26 |   150 |    49 ||   225
       Reflection        |       |     1 |     7 |       ||     8
